 Dungeon Crawl Stone Soup version 0.26.0-10-g1f06aea511 (webtiles) character file.

Game seed: 13319435804310585109

99 Borgoz the Slasher (level 4, -1/37 HPs)
             Began as a Ghoul Gladiator on Jan 30, 2021.
             Slain by a gnoll
             ... wielding a +0 spear
              (9 damage)
             ... on level 3 of the Dungeon.
             The game lasted 00:04:04 (2383 turns).

Borgoz the Slasher (Ghoul Gladiator)                Turns: 2383, Time: 00:04:04

Health: -1/37      AC:  7    Str: 17    XL:     4   Next: 72%
Magic:  3/3        EV: 12    Int:  3    God:
Gold:   122        SH:  0    Dex: 11    Spells: 3/3 levels left

rFire    . . .     SeeInvis .   a - +0 long sword
rCold    + . .     Faith    .   (no shield)
rNeg     + + +     Spirit   .   b - +0 leather armour
rPois    ∞         Reflect  .   c - +0 helmet
rElec    .         Harm     .   f - +1 cloak
rCorr    .         Rampage  .   j - +0 pair of gloves
Will     .....                  (no boots)
Stlth    +.........             (no amulet)
HPRegen  0.00/turn              (no ring)
MPRegen  0.08/turn              (no ring)

@: attractive, hasted, very quick
A: claws 1, cold resistance 1, negative energy resistance 3, inhibited
regeneration, torment resistance, unbreathing
a: no special abilities


You were on level 3 of the Dungeon.
You visited 1 branch of the dungeon, and saw 3 of its levels.

You collected 122 gold pieces.

Inventory:

Hand Weapons
 a - a +0 long sword (weapon)
Missiles
 d - a throwing net (quivered)
Armour
 b - a +0 leather armour (worn)
 c - a +0 helmet (worn)
 f - a +1 cloak (worn)
 j - a +0 pair of gloves (worn)
Scrolls
 h - a scroll of fog {unknown}
 i - 6 scrolls of identify {unknown}
 k - 3 scrolls of teleportation {unknown}
 m - a scroll of blinking {unknown}
 n - a scroll of amnesia {unknown}


   Skills:
 + Level 2.9 Fighting
 * Level 3.5 Long Blades
 - Level 1.7 Throwing
 * Level 2.0 Armour
 + Level 3.1 Dodging


You had 3 spell levels left.
You didn't know any spells.
Your spell library contained the following spells:

 Spells                   Type           Power        Failure   Level
 Animate Skeleton         Necr           0%           58%         1
 Apportation              Tloc           0%           58%         1
 Corona                   Hex            0%           58%         1
 Summon Small Mammal      Summ           0%           58%         1


Dungeon Overview and Level Annotations

Branches:
Dungeon (3/15)

Altars:


Innate Abilities, Weirdness & Mutations

You thrive by killing the living.
You are immune to poison.
You have sharp fingernails.
Your flesh is cold resistant. (rC+)
You are immune to negative energy. (rN+++)
You do not regenerate when monsters are visible.
You are immune to unholy pain and torment.
You can survive without breathing.


Message History

The gnoll barely misses you.
The gnoll hits you from afar with a +0 spear.
You slash the gnoll!
You kill the gnoll!
You feel better. The gnoll hits you but does no damage.
The gnoll hits you with a +0 flail!
* * * LOW HITPOINT WARNING * * *
The gnoll closely misses you.
Your Armour skill increases to level 2!
It was a potion of lignification.
You feel woody for a moment.
The gnoll hits you from afar with a +0 spear.
* * * LOW HITPOINT WARNING * * *
It was a potion of attraction.
You feel attractive to monsters. The gnoll misses you.
The gnoll closely misses you.
It was a potion of haste.
You feel yourself speed up. The gnoll misses you.
You riposte.
You hit the gnoll.
The gnoll is heavily wounded.
The gnoll hits you from afar with a +0 spear!
You die...

##.# # ###..# #.# #..#
#.# #..######.# #)#
#.........# ##.###.#
##.######.. ......#
#.# ...#.## #.### #.#
....## ##...g##.##.#
##...# #.....g@...#
##..#.###.####.##.##.#
##..##.#.#####.##.# .#
..<....)..........# #
#..#........##.#...
..##.####....# ...
#..#)..####......###
#.#.#....####..#
#.#........# ###


You could see 2 gnolls.

Vanquished Creatures
  Terence (D:3)
  2 gnolls (D:3)
  A worm (D:2)
  2 dart slugs (D:1)
  2 giant cockroaches
  4 goblins
  4 hobgoblins
  4 jackals (D:2)
  A quokka (D:2)
  7 bats
  3 frilled lizards
  14 kobolds
  2 rats (D:2)
47 creatures vanquished.

Notes
Turn   | Place    | Note
-------+----------+-------------------------------------------
     0 | D:1      | Borgoz the Ghoul Gladiator began the quest for the Orb.
     0 | D:1      | Reached XP level 1. HP: 17/17 MP: 0/0
   109 | D:1      | Reached XP level 2. HP: 23/25 MP: 1/1
   246 | D:1      | Reached skill level 1 in Armour
  1133 | D:2      | Reached XP level 3. HP: 30/30 MP: 2/2
  1937 | D:3      | Reached XP level 4. HP: 36/37 MP: 3/3
  2023 | D:3      | Noticed Terence
  2048 | D:3      | Killed Terence
  2383 | D:3      | Slain by a gnoll

Illustrated notes

Levels and vault maps discovered:
D:1:      dpeg_arrival_rooms_a, layout_basic, minmay_bisected
D:2:      layout_basic
D:3:      layout_loops_ring, gammafunk_temple_overflow_statue,
          gammafunk_ghost_necromancy, minmay_misc_feat_x, serial_bayou_ford_a,
          uniq_terence, uniq_jessica, uniq_grinder

Skill      XL: |  1  2  3  4 |
---------------+-------------+-----
Armour         | 1 2 |  2.0
Long Blades    | 3 |  3.5
Dodging        | 3 |  3.1
Fighting       | |  2.9
Throwing       | |  1.7

Action                   |  1- 3 |  4- 6 || total
-------------------------+-------+-------++-------
Melee: Long sword        |    88 |    31 ||   119
Throw: Throwing net      |       |     4 ||     4
  Use: Potion            |       |     3 ||     3
 Stab: Held in net/web   |       |     1 ||     1
Armor: Leather armour    |    32 |     7 ||    39
Dodge: Dodged            |    96 |    15 ||   111
       Rpst.: Long sword |    37 |     3 ||    40
